 Dungeon Crawl Stone Soup version 0.30-a0-219-gf2db51d15e (webtiles) character file.

Game seed: 11701372472937063118

177 lorenzova the Conjurer (level 5, 0/28 HPs)
             Began as a Deep Elf Conjurer on Oct 6, 2022.
             Succumbed to an adder's poison
             ... in a sewer.
             The game lasted 00:08:15 (3880 turns).

lorenzova the Conjurer (Deep Elf Conjurer)          Turns: 3880, Time: 00:08:16

Health: 0/28       AC:  2    Str:  4    XL:     5   Next: 31%
Magic:  4/15       EV: 12    Int: 23    God:
Gold:   229        SH:  0    Dex: 13    Spells: 12/15 levels left

rFire   . . .      SeeInvis .    p - +0 spear (venom)
rCold   . . .      Faith    .    (no shield)
rNeg    . . .      Spirit   .    a - +0 robe
rPois   .          Reflect  .    (helmet restricted)
rElec   .          Harm     .    (no cloak)
rCorr   .          Rampage  .    (no gloves)
Will    .....                    (no boots)
Stlth   ++........               (no amulet)
HPRegen 0.24/turn                (no ring)
MPRegen 0.14/turn                (no ring)

@: lethally poisoned (0 -> -7)
A: horns 1, dopey 1, inability to drink after injury 1
a: no special abilities


You were in a sewer.
You visited 1 branch of the dungeon, and saw 4 of its levels.
You also visited: Sewer.

You collected 229 gold pieces.

Inventory:

Hand Weapons
 p - a +0 spear of venom (weapon)
Armour
 a - a +0 robe (worn)
Scrolls
 c - a scroll of immolation {unknown}
 h - 2 scrolls of fear {unknown}
 i - a scroll of blinking {unknown}
 l - 2 scrolls of teleportation
 m - 3 scrolls of fog {unknown}
 o - a scroll of noise {unknown}
 q - 2 scrolls of amnesia {unknown}
 r - a scroll of vulnerability {unknown}
 s - 2 scrolls of brand weapon {unknown}
Potions
 b - 2 potions of magic
 d - a potion of resistance {unknown}
 e - 4 potions of attraction
 g - 2 potions of curing
 k - a potion of heal wounds {unknown}
 n - 3 potions of might
 t - a potion of haste {unknown}


   Skills:
 - Level 2.4 Dodging
 - Level 2.4 Stealth
 + Level 5.7 Spellcasting
 + Level 6.0 Conjurations


You had 12 spell levels left.
You knew the following spells:

 Your Spells              Type           Power      Damage    Failure   Level
a - Magic Dart            Conj           100%       1d8       1%          1
b - Searing Ray           Conj           68%        2d6       1%          2

Your spell library contained the following spells:

 Spells                   Type           Power      Damage    Failure   Level
 Dazzling Flash           Conj/Hex       40%        N/A       8%          3
 Necrotise                Necr           24%        1d5       9%          1
 Vampiric Draining        Necr           6%         2d6       26%         3
 Fulminant Prism          Conj/Hex       10%        3d9       26%         4
 Iskenderun's Mystic Bla  Conj/Tloc      20%        2d6       26%         4
 Agony                    Necr           6%         N/A       94%         5


Dungeon Overview and Level Annotations

Branches:
Dungeon (4/15)              Sewer (1/1)
 Temple: D:4-7

Altars:
Gozag

Shops:
D:1 (

Annotations:
D:2 Sigmund


Innate Abilities, Weirdness & Mutations

You have a pair of small horns on your head.
You are dopey. (Int -2)
You occasionally lose the ability to drink potions when taking damage.


Message History

The adder bites you.
The searing ray misses the adder.
You feel sick. The adder closely misses you. The adder bites you.
You are more poisoned.
The adder poisons you! The adder bites you.
You feel threatened and lose the ability to drink potions!
The searing ray hits the adder!
You kill the adder!
You feel sick. The adder bites you.
* * * LOW HITPOINT WARNING * * *
Casting: Searing Ray (safe; 1% risk of failure)
Confirm with . or Enter, or press ? or * to list all spells.
Restarting spell: Searing Ray (safe; 1% risk of failure)
Press: ? - help, Shift-Dir - straight line, f - adder
Aim: an adder (68% to hit)
The searing ray hits the adder.
The adder is severely wounded. (Press . to maintain the ray.)
You feel sick. The adder bites you.
* * * LOW HITPOINT WARNING * * *
You are lethally poisoned!
The adder poisons you!
The searing ray misses the adder.
* * * LOW HITPOINT WARNING * * *
You feel sick. The adder bites you.
* * * LOW HITPOINT WARNING * * *
The adder barely misses you.
Unknown command.
You cannot drink potions in your current state!
You cannot drink potions in your current state!
Casting: Searing Ray (safe; 1% risk of failure)
Confirm with . or Enter, or press ? or * to list all spells.
Restarting spell: Searing Ray (safe; 1% risk of failure)
Press: ? - help, Shift-Dir - straight line, f/p - adder
Aim: an adder (severely wounded, 68% to hit)
The searing ray hits the adder.
The adder is almost dead. (Press . to maintain the ray.)
You can drink potions again.
You die...

#≈≈≈# #≈≈≈#
#≈≈≈#
############≈≈≈#
.~~..~~.~~~~~~~#
≈≈≈≈≈≈~~≈≈≈≈≈≈~#
.~~~~~~†~~~~~≈~#
≈~####~~####~≈~#
≈ #~@# #.≈~#
#S~# #.≈~#
###..####.≈.#
#.#..#.##~≈~#
#.'..'.##~≈.#
#.'..'.##~≈†#
#.#..#.##~≈~#
###..####~≈~#
#..# #~≈~#


You could see an adder.

Vanquished Creatures
  5 adders
  A river rat (Sewer)
  4 worms
  An orc (D:3)
  13 bats
  12 endoplasms
  10 giant cockroaches
  9 goblins
  11 hobgoblins
  6 jackals
  5 quokkas
  7 ball pythons
  2 frilled lizards
  6 kobolds
  8 rats
100 creatures vanquished.

Notes
Turn   | Place    | Note
-------+----------+-------------------------------------------
     0 | D:1      | lorenzova the Deep Elf Conjurer began the quest for the
                  | Orb.
     0 | D:1      | Reached XP level 1. HP: 10/10 MP: 6/6
   185 | D:1      | Reached XP level 2. HP: 15/15 MP: 5/8
   188 | D:1      | Learned a level 2 spell: Searing Ray
   483 | D:1      | Found Xiuchej's Weapon Emporium.
   742 | D:1      | Reached skill level 5 in Conjurations
   742 | D:1      | Reached XP level 3. HP: 19/19 MP: 8/10
  1409 | D:2      | Noticed Sigmund
  1922 | D:3      | Reached XP level 4. HP: 24/24 MP: 6/12
  2475 | D:3      | Reached skill level 5 in Spellcasting
  3014 | D:3      | Gained mutation: Your body sometimes deteriorates upon
                  | taking damage. [potion of mutation]
  3014 | D:3      | Gained mutation: You occasionally lose the ability to drink
                  | potions when taking damage. [potion of mutation]
  3014 | D:3      | Gained mutation: You have a pair of small horns on your
                  | head. [potion of mutation]
  3014 | D:3      | Gained mutation: Your flesh is cold resistant. (rC+)
                  | [potion of mutation]
  3015 | D:3      | Lost mutation: Your flesh is cold resistant. (rC+) [potion
                  | of mutation]
  3015 | D:3      | Lost mutation: Your body sometimes deteriorates upon taking
                  | damage. [potion of mutation]
  3015 | D:3      | Gained mutation: You are dopey. (Int -2) [potion of
                  | mutation]
  3087 | D:4      | Found an opulent altar of Gozag.
  3099 | D:4      | Noticed a black bear
  3199 | D:4      | Found a glowing drain.
  3301 | Sewer    | Entered a sewer
  3405 | Sewer    | Reached XP level 5. HP: 28/28 MP: 11/14
  3875 | Sewer    | Reached skill level 6 in Conjurations
  3879 | Sewer    | HP: 1/28 [adder (2)]
  3880 | Sewer    | Succumbed to an adder's poison

Illustrated notes

Levels and vault maps discovered:
D:1:      minmay_arrival_hallway, layout_loops_cross, serial_shops,
          nicolae_shop_crystal, st_stairs_10, minmay_misc_feat_iff,
          minmay_misc_feat_chi
D:2:      layout_loops_ring, patterned_corridor, uniq_sigmund
D:3:      layout_basic, st_stairs_2, minmay_cut_off
D:4:      layout_loops_ring, kennysheep_little_box,
          gammafunk_ghost_nasty_kobolds, gup_sewer_entry_pipe
Sewer:    sewer_fruit_machine

Skill      XL: |  1  2  3  4  5 |
---------------+----------------+-----
Spellcasting   | 4 5 |  5.7
Conjurations   | 5 6 |  6.0
Dodging        | |  2.4
Stealth        | |  2.4

Action                   |  1- 3 |  4- 6 || total
-------------------------+-------+-------++-------
Melee: Unarmed           |     1 |       ||     1
       Spear             |       |    24 ||    24
       Headbutt          |       |     4 ||     4
 Cast: Magic Dart        |    68 |    95 ||   163
       Searing Ray       |     2 |     6 ||     8
  Use: Scroll            |       |     5 ||     5
       Potion            |       |     2 ||     2
 Stab: Sleeping          |     1 |       ||     1
Armor: Robe              |     2 |     6 ||     8
Dodge: Dodged            |     2 |    25 ||    27

Table legend: (Time is in decaauts)
 A = Elapsed time spent in this place.
 B = Non-inter-level travel time spent in this place.
 C = Inter-level travel time spent in this place.
 D = Time resting spent in this place.
 E = Time spent auto-exploring this place.
 F = Levels seen in this place.
 G = Mean time per level.
                   A        B        C        D        E       F      G
               +--------+--------+--------+--------+--------+-----+--------+
         Total |   3935 |   3823 |    112 |   1289 |   1715 |   5 |  787.0 |
       Dungeon |   3304 |   3192 |    112 |    949 |   1532 |   4 |  826.0 |
         Sewer |    630 |    630 |      0 |    340 |    183 |   1 |  630.0 |
               +--------+--------+--------+--------+--------+-----+--------+

Top non-repeatable levels by time:
     D:3: 1212 daAuts
     D:1: 1021 daAuts
     D:2: 827 daAuts
   Sewer: 630 daAuts
     D:4: 243 daAuts
